 Dungeon Crawl Stone Soup version 0.18.1-1-g2f07953 (webtiles) character file.

135405 namelastname112 the Arsonist (level 16, -2/135 HPs)
             Began as a Pale Draconian Wizard on May 7, 2016.
             Was a High Priest of Sif Muna.
             Hit by a tomahawk thrown by a merfolk (8 damage)
             ... on level 3 of the Shoals.
             The game lasted 01:52:11 (45747 turns).

namelastname112 the Arsonist (DrWz)                Turns: 45747, Time: 01:52:12

Health: -2/135     AC: 13    Str:  9    XL:     16   Next: 64%
Magic:  5/41       EV: 11    Int: 27    God:    Sif Muna [*****.]
Gold:   2402       SH:  0    Dex: 11    Spells: 9 memorised, 3 levels left

rFire  + + +     SeeInvis .     r - staff of fire
rCold  . . .     Gourm    +     (armour unavailable)
rNeg   . . .     Faith    .     (no shield)
rPois  +         Spirit   .     a - +1 hat
rElec  .         Dismiss  .     s - +0 cloak {rC+}
rCorr  +         Reflect  .     J - +0 pair of gloves of the Accordion {rPois rCorr}
SustAt .         Harm     .     K - +0 pair of boots
MR     +....                    y - amulet of the gourmand
Stlth  ++........               H - ring of fire
                                m - ring of magical power

@: slowed, delayed fireball, very slow, somewhat resistant to hostile
enchantments, unstealthy
A: breathe steam, unfitting armour, antennae 1, clever 1, fire resistance 1,
screaming 3, cold-blooded, MP-powered wands, AC +9
a: Breathe Steam, Channel Energy, Forget Spell, Renounce Religion, Release
Delayed Fireball


You were on level 3 of the Shoals.
You worshipped Sif Muna.
Sif Muna was extremely pleased with you.
You were not hungry.

You visited 4 branches of the dungeon, and saw 28 of its levels.
You also visited: Labyrinth and Ice Cave.

You collected 3009 gold pieces.
You spent 607 gold pieces at shops.

Inventory:

Hand Weapons
 I - the +10 dagger of Fate {pierce, *Noise +Blink Int+3 Dex+6}
   (You bought it in a shop on level 8 of the Dungeon)

   It inflicts extra damage upon your enemies.
   It affects your intelligence (+3).
   It affects your dexterity (+6).
   It lets you blink.
   It may make noises in combat.
Armour
 a - a +1 hat (worn)
 s - a +0 cloak of cold resistance (worn)
 C - the +0 shield "Poaguw" {MP+9 Str+3}
   (You took it off Donald on level 1 of the Shoals)

   It affects your strength (+3).
   It affects your magic capacity (+9).
 J - the +0 pair of gloves of the Accordion (worn) {rPois rCorr}
   (You acquired it on level 9 of the Dungeon)

   It protects you from poison.
   It protects you from acid and corrosion.
 K - a +0 pair of boots (worn)
Magical Staves
 r - an uncursed staff of fire (weapon)
 R - an uncursed staff of energy
Jewellery
 m - a ring of magical power (left hand)
 n - an uncursed ring of protection from magic
 y - an amulet of the gourmand (around neck)
 H - a ring of fire (right hand)
Wands
 f - a wand of paralysis (14/24)
 j - a wand of disintegration (12/24)
 F - a wand of teleportation (6/9)
 G - a wand of confusion (36/48)
 P - a wand of teleportation (0/9)
 T - a wand of lightning (4/15)
 U - a wand of lightning (11/15)
Scrolls
 b - a scroll of holy word
 d - 5 scrolls of identify
 p - 12 scrolls of remove curse
 x - 2 scrolls of enchant weapon
 z - 11 scrolls of magic mapping
 A - 5 scrolls of immolation
 E - a scroll of enchant armour
 S - 3 scrolls of recharging
Potions
 e - 6 potions of agility
 g - 4 potions of might
 h - a potion of invisibility
 i - 2 potions of curing
 o - 2 potions of heal wounds
 q - 2 potions of ambrosia
 u - 5 potions of flight
 v - a potion of cancellation
 B - a potion of brilliance
 Q - a potion of haste
Books
 l - Sif Muna's Compendium of Damage Dealing
   (Sif Muna gifted it to you on level 2 of the Orcish Mines)

   Spells                             Type                      Level
   a - Flame Tongue                   Conjuration/Fire             1
   b - Searing Ray                    Conjuration                  2
   c - Delayed Fireball               Conjuration/Fire             7
   d - Fire Storm                     Conjuration/Fire             9
 t - Sif Muna's Grimoire of Creative Changing
   (Sif Muna gifted it to you on level 2 of the Shoals)

   Spells                             Type                      Level
   a - Summon Butterflies             Summoning                    1
   b - Beastly Appendage              Transmutation                1
   c - Ignite Poison                  Fire/Transmutation/Poison    3
   d - Call Canine Familiar           Summoning                    3
 w - Sif Muna's Volume of Lightness and Clay
   (Sif Muna gifted it to you on level 1 of the Shoals)

   Spells                             Type                      Level
   a - Passwall                       Transmutation/Earth          2
   b - Stone Arrow                    Conjuration/Earth            3
   c - Summon Lightning Spire         Summoning/Air                4
   d - Lightning Bolt                 Conjuration/Air              5
   e - Silence                        Hexes/Air                    5
   f - Deflect Missiles               Charms/Air                   6
   g - Shatter                        Earth                        9
Comestibles
 c - 16 bread rations
 D - 19 fruits


   Skills:
 - Level 10.5 Fighting
 - Level 9.6 Dodging
 - Level 1.7 Stealth
 + Level 1.5 Shields
 + Level 12.2 Spellcasting
 + Level 12.8 Conjurations
 + Level 6.3 Charms
   Level 1.0 Summonings
 - Level 1.0 Translocations
 + Level 13.9 Fire Magic
 - Level 4.7 Ice Magic
 - Level 11.7 Air Magic
 - Level 9.4 Invocations


You had 3 spell levels left.
You knew the following spells:

 Your Spells              Type           Power        Failure   Level  Hunger
a - Repel Missiles        Chrm/Air       ######       1%          2    None
b - Conjure Flame         Conj/Fire      ########     1%          3    None
c - Bolt of Fire          Conj/Fire      ########..   2%          6    #####..
d - Freezing Cloud        Conj/Ice/Air   ###.......   12%         6    #####..
e - Delayed Fireball      Conj/Fire      N/A          14%         7    ######.
f - Ignite Poison         Fire/Trmt/Pois #######.     1%          3    None
g - Orb of Destruction    Conj           ######....   17%         7    ######.
s - Fireball              Conj/Fire      ########..   1%          5    ###....
x - Blink                 Tloc           N/A          3%          2    None


Dungeon Overview and Level Annotations

Branches:
Dungeon (15/15)            Temple (0/1) D:4            Lair (8/8) D:9
 Shoals (3/4) Lair:5        Snake (0/4) Lair:5        Slime (0/6) Lair:8
    Orc (2/2) D:10            Elf (0/3) Orc:2        Vaults (0/5) D:13
 Depths (0/5) D:15

Altars:
Cheibriados
Dithmenos
Okawaru
Sif Muna
Beogh
Jiyva

Shops:
D:8 *   D:11 [   Orc:2 [(!=:

Annotations:
D:14 Frances


Innate Abilities, Weirdness & Mutations

You can breathe blasts of scalding, opaque steam.
Your pale cyan-grey scales are hard (AC +9).
Your body does not fit into most forms of armour.
You are cold-blooded and may be slowed by cold attacks.
You have a pair of small antennae on your head.
Your mind is acute. (Int +2)
Your flesh is heat resistant.
You frequently scream uncontrollably at your foes.
You expend magic power (3 MP) to strengthen your wands.


Message History

The javelin hits you!
The merfolk throws a tomahawk.
The tomahawk closely misses you.
The merfolk impaler hits you from afar with a trident of freezing!
* * * LOW HITPOINT WARNING * * *
You feel as though you will be slow longer.
The merfolk impaler freezes you.
* * * LOW HITPOINT WARNING * * *
A hippogriff and a water elemental come into view.
You scream at the hippogriff!
You take 37 damage, and have 34/135 hp.
MASSIVE DAMAGE!!
You now have 5/41 mp.
The merfolk throws a tomahawk.
The tomahawk hits you!
* * * LOW HITPOINT WARNING * * *
The merfolk throws a steel tomahawk.
The steel tomahawk hits you!
* * * LOW HITPOINT WARNING * * *
The merfolk impaler barely misses you.
The merfolk javelineer throws a javelin.
The javelin hits you!
* * * LOW HITPOINT WARNING * * *
The merfolk throws a tomahawk.
The tomahawk hits you!
You die...

≈mmmm≈≈≈≈≈≈≈.#
....≈≈≈H≈≈≈..
..#..
....≈≈≈≈≈≈..
...$≈
...≈≈≈≈≈≈≈.
.....
#m..≈≈≈≈.
...≈≈
#...≈≈≈.#
.≈≈≈≈
#...≈≈..#
.≈≈≈≈ #...m≈@#
..≈≈≈
.....H..#
...≈≈
.......))
..≈≈§
..Ym......
.≈H.§
.E≈H≈......
...≈≈
.≈C≈≈...≈≈..
.≈≈m.
≈Y≈≈≈..≈≈≈≈≈H
≈≈..≈
≈≈≈≈≈..≈≈≈≈≈≈m
≈.≈.. .....


You could see a merfolk avatar, a merfolk impaler, a merfolk javelineer, 3
griffons, 4 merfolk, a cyclops, a water elemental, a siren, a hippogriff and 2
sheep.

Vanquished Creatures
  Saint Roka (Orc:2)
  Kirke (Lair:5)
  Donald (Shoals:1)
  A frost giant (IceCv)
  Maud (Lair:7)
  A stone giant (Orc:2)
  Azrael (D:15)
  Nessos (D:15)
  A merfolk javelineer (Shoals:1)
  A minotaur (Lab)
  4 merfolk impalers
  2 fire dragons
  An ogre mage (D:15)
  7 hydras
  3 merfolk avatars
  A merfolk aquamancer (Shoals:1)
  An alligator snapping turtle (Shoals:2)
  A centaur warrior (D:14)
  16 death yaks
  The ghost of dadoka the Cleaver, a novice HOAK of Lugonu (D:7)
  An iron giant zombie (D:15)
  A queen ant (Lair:6)
  An orc high priest (Orc:2)
  A titan zombie (D:15)
  2 skeletal warriors (D:15)
  A shadow wraith (D:13)
  5 wizards
  4 hill giants
  3 sea snakes
  A deep troll (D:13)
  2 lindwurms (Lair:8)
  2 unseen horrors (D:15)
  An iron dragon zombie (D:15)
  2 orc knights
  A phantasmal warrior (D:15)
  A necromancer (D:15)
  8 harpies
  A deep elf mage (D:15)
  4 orc sorcerers (Orc:2)
  A shining eye (Lair:8)
  3 griffons
  5 ugly things
  6 fauns
  A hornet (D:15)
  9 manticores
  12 cyclopes
  A black mamba (shapeshifter) (D:13)
  Joseph (D:9)
  2 water nymphs (Shoals:2)
  An ice statue (IceCv)
  4 sirens
  14 elephants
  12 spiny frogs
  2 black mambas
  6 torpor snails (Lair:8)
  A rime drake (Lair:8)
  6 komodo dragons
  16 merfolk
  3 trolls
  14 polar bears
  7 two-headed ogres
  3 giant leeches (Lair:8)
  Prince Ribbit (D:9)
  A queen bee (Lair:2)
  7 slime creatures
  7 blink frogs
  A boulder beetle (Lair:4)
  3 wind drakes
  A harpy skeleton (D:12)
  3 snapping turtles
  2 spriggans
  7 water elementals
  2 shadows
  3 wraiths
  3 fire elementals
  62 yaks
  A human (Lair:5)
  3 wyverns
  2 hungry ghosts
  6 basilisks
  9 hippogriffs
  3 vampire mosquitoes (D:13)
  3 wargs (Orc:2)
  4 mottled dragons (D:15)
  A swamp worm (shapeshifter) (D:13)
  4 nagas (Lair:5)
  4 soldier ants
  8 porcupines
  15 water moccasins
  3 hell hounds (D:15)
  3 sky beasts
  33 orc warriors
  3 black bears
  4 wasps
  8 ice beasts (D:12)
  13 ogres
  A phantom (D:6)
  16 wolves
  9 centaurs
  16 crocodiles
  Blork the orc (D:6)
  3 big kobolds
  26 giant frogs
  The ghost of ThereIsNoGod the Sneak, an amateur FeTm (D:3)
  3 scorpions
  24 killer bees
  8 howler monkeys
  11 wights
  8 crimson imps
  A centaur zombie (D:12)
  A giant frog zombie (D:12)
  2 quasits
  Crazy Yiuf (D:2)
  9 hounds
  2 jellies
  22 orc priests
  2 giant frog skeletons
  2 centaur skeletons
  20 orc wizards
  9 iguanas
  29 worker ants
  23 sheep
  A killer bee zombie (D:11)
  A hound skeleton (D:8)
  2 howler monkey zombies
  Robin (D:2)
  15 adders
  3 gnolls (D:7)
  67 river rats
  4 shadow imps
  20 worms (Lair:8)
  4 dart slugs
  4 giant geckos
  119 orcs
  2 ball pythons (D:3)
  5 giant cockroaches
  8 hobgoblins
  11 jackals
  24 kobolds
  3 quokkas
  5 bats
  A giant cockroach zombie (D:5)
  5 giant newts
  18 goblins
  2 jackal skeletons (D:7)
  A quokka skeleton (D:4)
  10 rats
  3 fungi
  30 plants
1071 creatures vanquished.

Vanquished Creatures (collateral kills)
  3 killer bees (Lair:2)
3 creatures vanquished.

Vanquished Creatures (others)
  A centaur warrior (D:14)
  An ice dragon zombie (D:15)
  3 humans (Lair:5)
  A basilisk (Lair:4)
  A crimson imp (D:11)
  A kobold (D:11)
  11 fungi
  34 plants
  10 withered plants (D:15)
63 creatures vanquished.

Grand Total: 1137 creatures vanquished

Notes
Turn   | Place    | Note
--------------------------------------------------------------
     0 | D:1      | namelastname112 the Draconian Wizard began the quest for the Orb.
     0 | D:1      | Reached XP level 1. HP: 14/14 MP: 4/4
   107 | D:1      | Reached XP level 2. HP: 22/22 MP: 0/6
   315 | D:1      | Reached skill level 1 in Fighting
   915 | D:2      | Reached XP level 3. HP: 26/28 MP: 0/7
   919 | D:2      | Learned a level 2 spell: Blink
   923 | D:2      | Learned a level 3 spell: Mephitic Cloud
  1493 | D:2      | Reached XP level 4. HP: 29/36 MP: 0/9
  1683 | D:2      | Noticed Robin
  1718 | D:2      | Killed Robin
  1802 | D:2      | Noticed Crazy Yiuf
  1814 | D:2      | Killed Crazy Yiuf
  1814 | D:2      | Reached XP level 5. HP: 35/42 MP: 1/10
  1988 | D:2      | Found a deep blue altar of Sif Muna.
  2164 | D:2      | Became a worshipper of Sif Muna the Loreminder
  2318 | D:3      | Noticed ThereIsNoGod's ghost (amateur FeTm)
  2341 | D:3      | Killed ThereIsNoGod's ghost
  2341 | D:3      | Reached XP level 6. HP: 46/51 MP: 5/11
  2565 | D:3      | Learned a level 2 spell: Repel Missiles
  2569 | D:3      | Learned a level 3 spell: Conjure Flame
  3056 | D:4      | Found a staircase to the Ecumenical Temple.
  3071 | D:4      | Got a scorched quarterstaff
  3072 | D:4      | Identified the +1 quarterstaff "Soczet" {speed, rF+ rN+ Str+2 Int+3} (You found it on level 4 of the Dungeon)
  3521 | D:5      | Entered Level 5 of the Dungeon
  3655 | D:5      | Your scales start taking on a pale cyan-grey colour.
  3655 | D:5      | Reached XP level 7. HP: 50/57 MP: 11/13
  3775 | D:5      | Reached skill level 1 in Invocations
  4114 | D:5      | Reached * piety under Sif Muna
  4299 | D:6      | Reached skill level 1 in Fire Magic
  4486 | D:6      | Noticed Blork the orc
  4829 | D:6      | Reached skill level 2 in Fire Magic
  4829 | D:6      | Reached XP level 8. HP: 38/66 MP: 2/15
  4958 | D:6      | Killed Blork the orc
  4958 | D:6      | Reached skill level 5 in Spellcasting
  4958 | D:6      | Reached skill level 5 in Conjurations
  5263 | D:7      | Noticed dadoka's ghost (novice HOAK)
  5301 | D:7      | Killed dadoka's ghost
  5301 | D:7      | Reached ** piety under Sif Muna
  5301 | D:7      | Reached skill level 5 in Fighting
  5301 | D:7      | Reached skill level 3 in Fire Magic
  5313 | D:7      | Reached XP level 9. HP: 33/74 MP: 3/17
  5769 | D:7      | Reached skill level 5 in Dodging
  5769 | D:7      | Reached skill level 4 in Fire Magic
  6369 | D:7      | Reached *** piety under Sif Muna
  6564 | D:7      | Identified a +0 rod of shadows (14/14) (You found it on level 7 of the Dungeon)
  6967 | D:8      | Reached skill level 5 in Invocations
  7132 | D:8      | Reached skill level 5 in Fire Magic
  7170 | D:8      | Found Ylis's Assorted Antiques.
  7193 | D:8      | Bought a shimmering dagger for 182 gold pieces
  7193 | D:8      | Bought a sapphire potion for 23 gold pieces
  7193 | D:8      | Bought a scroll labeled ZAHEZX NEACVIPP for 26 gold pieces
  7193 | D:8      | Identified the +10 dagger of Fate {pierce, *Noise +Blink Int+3 Dex+6} (You bought it in a shop on level 8 of the Dungeon)
  7418 | D:8      | Reached XP level 10. HP: 83/83 MP: 11/19
  7609 | D:8      | Gained mutation: You occasionally shout uncontrollably at your foes. [potion of mutation]
  7609 | D:8      | Gained mutation: Your mind is acute. (Int +2) [potion of mutation]
  7609 | D:8      | Gained mutation: You have a pair of small antennae on your head. [potion of mutation]
  7634 | D:9      | Noticed Prince Ribbit
  7649 | D:9      | Killed Prince Ribbit
  7795 | D:9      | Reached **** piety under Sif Muna
  7881 | D:9      | Found a snail-covered altar of Cheibriados.
  8010 | D:9      | Found a shadowy altar of Dithmenos.
  8126 | D:9      | Noticed a manticore
  8142 | D:9      | Killed a manticore
  8142 | D:9      | Reached skill level 1 in Air Magic
  8305 | D:9      | Found a staircase to the Lair.
  8615 | D:9      | Identified a scroll of acquirement
  8616 | D:9      | Got a pair of crude gloves
  8627 | D:9      | Identified the +0 pair of gloves of the Accordion {rPois rCorr} (You acquired it on level 9 of the Dungeon)
  8666 | D:10     | Entered Level 10 of the Dungeon
  8838 | D:10     | Found a staircase to the Orcish Mines.
  9314 | D:10     | Reached ***** piety under Sif Muna
  9894 | D:11     | Noticed a cyclops
  9921 | D:11     | Killed a cyclops
  9933 | D:11     | Reached XP level 11. HP: 72/92 MP: 5/22
 10434 | D:11     | Noticed a wizard
 10441 | D:11     | Noticed a wizard
 10443 | D:11     | Killed a wizard
 10449 | D:11     | Killed a wizard
 10478 | D:11     | Reached skill level 5 in Air Magic
 10624 | D:11     | Noticed a white ugly thing
 10647 | D:11     | Killed a white ugly thing
 10743 | D:11     | Noticed a hill giant
 10791 | D:11     | Killed a hill giant
 10885 | D:11     | Noticed a purple ugly thing
 10896 | D:11     | Killed a purple ugly thing
 11064 | D:11     | Found Ruofextese's Antique Armour Boutique.
 11286 | D:12     | Found a frozen archway.
 11342 | IceCv    | Entered an ice cave
 11375 | IceCv    | Reached ****** piety under Sif Muna
 11395 | IceCv    | Received a gift from Sif Muna
 11690 | IceCv    | Learned a level 3 spell: Ignite Poison
 12561 | IceCv    | Reached XP level 12. HP: 54/103 MP: 2/24
 12778 | IceCv    | Noticed a frost giant
 12817 | IceCv    | Killed a frost giant
 13408 | IceCv    | Got a warped halberd
 13409 | IceCv    | Identified the +7 halberd of Slime {chop, rPois Str+4} (You found it in an ice cave)
 14855 | D:13     | Received a gift from Sif Muna
 14858 | D:13     | Identified Zonnyar's Catalogue of Supportive Stolen Souls (Sif Muna gifted it to you on level 13 of the Dungeon)
 15697 | D:13     | Noticed an ice dragon
 15699 | D:13     | Noticed an ettin
 15699 | D:13     | an ice dragon changed into an ettin
 15708 | D:13     | Noticed an ice dragon
 15752 | D:13     | Noticed a queen ant
 15754 | D:13     | Noticed an ice dragon
 15754 | D:13     | a queen ant changed into an ice dragon
 15755 | D:13     | Noticed a great orb of eyes
 15755 | D:13     | an ice dragon changed into a great orb of eyes
 15756 | D:13     | a great orb of eyes changed into a giant leech
 15757 | D:13     | Noticed an ettin
 15757 | D:13     | a giant leech changed into an ettin
 15762 | D:13     | Noticed a six-headed hydra
 15762 | D:13     | an ettin changed into a six-headed hydra
 15786 | D:13     | Gained mutation: You are clumsy. (Dex -2) [a shining eye]
 15827 | D:13     | Noticed a hell hog
 15832 | D:13     | a hell hog changed into a swamp worm
 16033 | D:13     | Gained mutation: Your flesh is heat resistant. [potion of beneficial mutation]
 16086 | D:13     | Found a gate to the Vaults.
 16289 | D:14     | Noticed a centaur warrior
 16289 | D:14     | Noticed a centaur warrior
 16321 | D:14     | Killed a centaur warrior
 16322 | D:14     | Killed a centaur warrior
 16328 | D:14     | You fall through a shaft!
 16328 | D:15     | Entered Level 15 of the Dungeon
 17100 | D:14     | Reached XP level 13. HP: 111/111 MP: 11/26
 17231 | D:14     | Noticed Frances
 17284 | D:14     | HP: 2/111 [Frances/dire flail (28)]
 17661 | D:13     | Learned a level 6 spell: Freezing Cloud
 17777 | D:9      | Noticed Joseph
 17797 | D:9      | Killed Joseph
 17891 | Orc:1    | Entered Level 1 of the Orcish Mines
 18045 | Orc:2    | Entered Level 2 of the Orcish Mines
 18556 | Orc:1    | Found a roughly hewn altar of Beogh.
 18751 | Lair:1   | Entered Level 1 of the Lair of Beasts
 18789 | Lair:1   | Reached skill level 1 in Ice Magic
 18908 | Lair:1   | Reached skill level 10 in Air Magic
 20437 | Lair:2   | Received a gift from Sif Muna
 20442 | Lair:2   | Identified Moushuag's Incunabulum of Boosting Confrontation (Sif Muna gifted it to you on level 2 of the Lair of Beasts)
 20755 | Lair:3   | Found a labyrinth entrance.
 20764 | Lab      | Entered a labyrinth
 22764 | Lab      | epen: hey
 22770 | Lab      | epen: buddy
 23235 | Lab      | namelastname112: che
 23708 | Lab      | epen: подгони фильмец
 24503 | Lab      | namelastname112: SUKAAAAAAAAAAAAA
 24503 | Lab      | namelastname112: KAK ON ZAEBAL
 24503 | Lab      | namelastname112: ща
 24503 | Lab      | namelastname112: поголи
 24503 | Lab      | namelastname112: ди
 24503 | Lab      | epen: обойди его
 24583 | Lab      | epen: чё ты у одной стороны ныкаешься
 24588 | Lab      | epen: сделай круг
 24692 | Lab      | epen: лол
 24692 | Lab      | namelastname112: это уже пятисотый круг
 24692 | Lab      | namelastname112: вокруг этого пидора
 24758 | Lab      | epen: ооо
 24771 | Lab      | epen: а
 24773 | Lab      | epen: не
 24789 | Lab      | epen: лол блять
 24800 | Lab      | epen: замуровался
 24809 | Lab      | Noticed a minotaur
 24822 | Lab      | Killed a minotaur
 24886 | Lab      | Identified a +1 rod of ignition (13/13) (You found it in a labyrinth)
 24904 | Lab      | Got a smoking mace
 24905 | Lab      | Identified the +3 mace "Susavvuo" {pain, *Noise +Rage Int+6} (You found it in a labyrinth)
 25374 | Lair:2   | epen: ммм
 25374 | Lair:2   | epen: акварь
 25374 | Lair:2   | namelastname112: я видел
 25374 | Lair:2   | namelastname112: фильм говоришь
 25374 | Lair:2   | namelastname112: ща подумаю
 25652 | Lair:3   | Got a pitted cloak
 25663 | Lair:3   | Identified the +0 cloak "Doeplufat" {rElec rPois} (You acquired it on level 3 of the Lair of Beasts)
 26285 | Lair:4   | Learned a level 4 spell: Throw Icicle
 26388 | Lair:4   | Reached skill level 10 in Fighting
 26416 | Lair:4   | Reached skill level 10 in Conjurations
 27460 | Lair:5   | Reached XP level 14. HP: 31/121 MP: 10/27
 27855 | Lair:4   | epen: @??draconian
 27969 | Lair:4   | beem: draconian (d)
                  | Spd:
    10 | HD: 8    | HP: 53-74
                  | AC/EV: 10/11
                  | Dam: 15
                  | weapons, items, doors, cold-blooded
                  | Res: magic(10)
                  | XP:
   526 | Sz: Medium | Int: human.
 28023 | Lair:5   | Noticed Kirke
 28035 | Lair:5   | epen: !apt draconian
 28036 | Lair:5   | beem: Dr: Fighting: 1, Short: 0, Long: 0, Axes: 0, Maces: 0, Polearms: 0, Staves: 0, Slings: -1, Bows: -1, Xbows: -1, Throw: -1, Armour: N/A, Dodge: -1, Stealth: 0, Shields: 0, UC: 0, Splcast: -1, Conj: 0, Hexes: -1, Charms: -1, Summ: 0, Nec: 0, Tloc: 0, Tmut: 0, Fire: 0, Ice: 0, Air: 0, Earth: 0, Poison: 0, Inv: 1, Evo: 0, Exp: -1, HP: 1, MP: 0
 28042 | Lair:5   | Killed Kirke
 28042 | Lair:5   | Reached skill level 10 in Spellcasting
 28119 | Lair:5   | epen: !apt mottled draconian
 28132 | Lair:5   | beem: Dr[mottled]: Fighting: 1, Short: 0, Long: 0, Axes: 0, Maces: 0, Polearms: 0, Staves: 0, Slings: -1, Bows: -1, Xbows: -1, Throw: -1, Armour: N/A, Dodge: -1, Stealth: 0, Shields: 0, UC: 0, Splcast: -1, Conj: 0, Hexes: -1, Charms: -1, Summ: 0, Nec: 0, Tloc: 0, Tmut: 0, Fire: 1, Ice: 0, Air: 0, Earth: 0, Poison: 0, Inv: 1, Evo: 0, Exp: -1, HP: 1, MP: 0
 28237 | Lair:5   | Found a staircase to the Shoals.
 28820 | Lair:5   | Found a staircase to the Snake Pit.
 29163 | Lair:6   | Received a gift from Sif Muna
 29168 | Lair:6   | epen: бля
 29177 | Lair:6   | epen: а если подумать
 29194 | Lair:6   | epen: то с некоторой вероятностью можно вытащить орб за муравья
 29303 | Lair:6   | epen: только орб ран пиздецовый будет
 29456 | Lair:6   | epen: тысяч за 15 ходов
 29483 | Lair:6   | epen: даже меньше может
 29534 | Lair:6   | epen: при должном везении
 29588 | Lair:6   | namelastname112: лол
 29588 | Lair:6   | namelastname112: ну успехов
 29588 | Lair:6   | namelastname112: хули
 29588 | Lair:6   | epen: да не
 29600 | Lair:6   | epen: это я так
 30340 | Lair:6   | Learned a level 5 spell: Fireball
 30625 | Lair:7   | Noticed Maud
 30667 | Lair:7   | Killed Maud
 30667 | Lair:7   | Reached skill level 6 in Fire Magic
 30828 | Lair:7   | Reached skill level 7 in Fire Magic
 30997 | Lair:7   | Reached skill level 8 in Fire Magic
 31376 | Lair:7   | Reached skill level 9 in Fire Magic
 31376 | Lair:7   | Received a gift from Sif Muna
 31642 | Lair:7   | Reached skill level 10 in Fire Magic
 32077 | Lair:8   | Entered Level 8 of the Lair of Beasts
 32615 | Lair:8   | Found a viscous altar of Jiyva.
 32616 | Lair:8   | Found a staircase to the Slime Pits.
 32781 | Lair:8   | Reached skill level 11 in Fire Magic
 32859 | Lair:8   | HP: 3/122 [elephant (10)]
 33438 | Lair:8   | Reached XP level 15. HP: 128/128 MP: 13/29
 33931 | Lair:8   | Gained mutation: You expend magic power (3 MP) to strengthen your wands. [a shining eye]
 33932 | Lair:8   | Gained mutation: You sometimes yell uncontrollably at your foes. [a shining eye]
 33935 | Lair:8   | Gained mutation: You frequently scream uncontrollably at your foes. [a shining eye]
 33948 | Lair:8   | Lost mutation: You are clumsy. (Dex -2) [a shining eye]
 34050 | Lair:8   | Found a runed door.
 34073 | Lair:8   | Received a gift from Sif Muna
 34729 | Lair:8   | Reached skill level 12 in Fire Magic
 35792 | Lair:1   | Learned a level 6 spell: Bolt of Fire
 35823 | Lair:1   | Learned a level 7 spell: Delayed Fireball
 36625 | Orc:2    | Reached skill level 1 in Charms
 36834 | Orc:2    | Noticed Saint Roka
 36865 | Orc:2    | Found Mieff's Distillery.
 37211 | Orc:2    | Killed Saint Roka
 37418 | Orc:2    | Bought a potion of heal wounds for 85 gold pieces
 37418 | Orc:2    | Bought a potion of curing for 51 gold pieces
 37482 | Orc:2    | Found a roughly hewn altar of Beogh.
 37737 | Orc:2    | Found a roughly hewn altar of Beogh.
 37774 | Orc:2    | Found Suimok's Book Shoppe.
 37928 | Orc:2    | Found a staircase to the Elven Halls.
 37958 | Orc:2    | Received a gift from Sif Muna
 37959 | Orc:2    | Identified Sif Muna's Compendium of Damage Dealing (Sif Muna gifted it to you on level 2 of the Orcish Mines)
 38013 | Orc:2    | Found a roughly hewn altar of Beogh.
 38082 | Orc:2    | Found Recva's Jewellery Emporium.
 38090 | Orc:2    | Bought an uncursed ring of magical power for 240 gold pieces
 38116 | Orc:2    | Found a roughly hewn altar of Beogh.
 38246 | Orc:2    | Found Baecaf's Antique Armour Emporium.
 38247 | Orc:2    | Found a roughly hewn altar of Beogh.
 38249 | Orc:2    | Found Wuqat's Antique Weapon Shoppe.
 38331 | Orc:2    | Found a roughly hewn altar of Beogh.
 39387 | D:15     | Noticed Nessos
 39389 | D:15     | Killed Nessos
 40073 | D:15     | Found a staircase to the Depths.
 40116 | D:15     | Reached skill level 13 in Fire Magic
 40634 | D:15     | Received a gift from Sif Muna
 40638 | D:15     | Identified Sif Muna's Papyrus of the Poisonous Birds (Sif Muna gifted it to you on level 15 of the Dungeon)
 40997 | D:15     | Noticed Azrael
 41006 | D:15     | Killed Azrael
 41372 | D:15     | Found an iron altar of Okawaru.
 41645 | Lair:1   | Learned a level 7 spell: Orb of Destruction
 41799 | Shoals:1 | Entered Level 1 of the Shoals
 41804 | Shoals:1 | Reached XP level 16. HP: 120/135 MP: 15/31
 42341 | Shoals:1 | Noticed Donald
 42346 | Shoals:1 | Killed Donald
 42395 | Shoals:1 | Got a shimmering shield
 42396 | Shoals:1 | Identified the +0 shield "Poaguw" {MP+9 Str+3} (You took it off Donald on level 1 of the Shoals)
 42803 | Shoals:1 | Reached skill level 5 in Charms
 43109 | Shoals:1 | Received a gift from Sif Muna
 43114 | Shoals:1 | Identified Sif Muna's Volume of Lightness and Clay (Sif Muna gifted it to you on level 1 of the Shoals)
 43302 | Shoals:1 | HP: 3/135 [merfolk impaler/halberd (14)]
 45266 | Shoals:2 | Received a gift from Sif Muna
 45267 | Shoals:2 | Identified Sif Muna's Grimoire of Creative Changing (Sif Muna gifted it to you on level 2 of the Shoals)
 45268 | Shoals:2 | epen: намир
 45328 | Shoals:2 | namelastname112: че
 45545 | Shoals:2 | Reached skill level 1 in Shields
 45680 | Shoals:2 | epen: Чего-то я смотрю,а у тебя только первого лвла лорд оф даркнес
 45747 | Shoals:3 | HP: 6/135 [merfolk javelineer/javelin (13)]
 45747 | Shoals:3 | Hit by a tomahawk thrown by a merfolk

Skill      XL: |  1  2  3  4  5  6  7  8  9 10 11 12 13 14 15 16 |
---------------+-------------------------------------------------+-----
Dodging        | 2 3 4 5 6 7 8 9 |  9.6
Fighting       | 1 2 3 4 5 6 7 8 9 10 | 10.5
Conjurations   | 2 3 4 5 6 7 8 9 10 11 12 | 12.8
Spellcasting   | 4 5 6 7 8 9 10 11 12 | 12.2
Invocations    | 2 3 5 6 8 9 |  9.4
Fire Magic     | 2 3 5 11 13 | 13.9
Air Magic      | 4 7 9 11 | 11.7
Ice Magic      | 4 |  4.7
Charms         | 4 6 |  6.3
Shields        | 1 |  1.5
Stealth        | |  1.7
Summonings     | |  1.0
Translocations | |  1.0

Action                   |  1- 3 |  4- 6 |  7- 9 | 10-12 | 13-15 | 16-18 || total
-------------------------+-------+-------+-------+-------+-------+-------++-------
Melee: Short sword       |    72 |       |       |       |       |       ||    72
       Tailslap          |     6 |       |     5 |    46 |   107 |       ||   164
       Flail             |    17 |    61 |       |       |       |       ||    78
       Quarterstaff      |       |       |    71 |       |       |       ||    71
       Dagger            |       |       |     9 |   347 |   571 |       ||   927
       Staff             |       |       |       |       |   126 |     2 ||   128
 Cast: Magic Dart        |    86 |   135 |   277 |   228 |    17 |       ||   743
       Blink             |       |     3 |       |    18 |    74 |     7 ||   102
       Mephitic Cloud    |       |     2 |    11 |    84 |    53 |       ||   150
       Conjure Flame     |       |       |     5 |    34 |    22 |       ||    61
       Repel Missiles    |       |       |       |     2 |     2 |       ||     4
       Ignite Poison     |       |       |       |    25 |    16 |       ||    41
       Freezing Cloud    |       |       |       |       |    71 |       ||    71
       Fireball          |       |       |       |       |   283 |   142 ||   425
       Throw Icicle      |       |       |       |       |     6 |       ||     6
       Bolt of Fire      |       |       |       |       |    26 |     1 ||    27
       Delayed Fireball  |       |       |       |       |     2 |     2 ||     4
Invok: Channel Energy    |       |       |       |    17 |   197 |    39 ||   253
 Abil: Breathe Steam     |       |       |    22 |    44 |    10 |     3 ||    79
       Release Delayed F |       |       |       |       |     1 |     2 ||     3
Evoke: Wand              |       |       |       |       |       |     4 ||     4
  Use: Scroll            |     7 |       |       |    17 |    22 |     6 ||    52
       Potion            |       |       |     4 |     5 |     5 |     1 ||    15
 Stab: Confused          |       |       |       |    12 |     6 |       ||    18
       Sleeping          |       |       |       |       |     6 |       ||     6
  Eat: Chunk             |     2 |     6 |    15 |    21 |    60 |    16 ||   120
       Beef jerky        |       |       |       |     2 |     1 |       ||     3
       Pizza             |       |       |       |     2 |     3 |       ||     5
       Meat ration       |       |       |       |     3 |     5 |     2 ||    10
       Fruit             |       |       |       |       |    19 |     2 ||    21
       Royal jelly       |       |       |       |       |    15 |       ||    15
       Bread ration      |       |       |       |       |     3 |     2 ||     5
Armor: Skin              |    54 |    50 |    93 |   144 |   247 |    16 ||   604
Dodge: Dodged            |    87 |    78 |   149 |   379 |   780 |    80 ||  1553
       Deflected         |       |       |       |    16 |     8 |    12 ||    36
